Comets vs Reign

Created - Saturday, October 24, 2015 at 00:10

Goals
1 2 3 OT1 SO T
Comets 0 1 0 0 1 2
Reign 0 0 1 0 0 1
Shots
1 2 3 OT1 SO T
Comets 5 6 8 4 7 23
Reign 7 5 9 3 7 24

1st period

No Goal

Penalties :
Davis Drewiske (ONT) for Holding (Minor) at 3:40, Evan Oberg (ONT) for Holding (Minor) at 12:54

2nd period

1. Comets , Mike Sislo 2 (John Scott) at 1:43 (PP)

Penalties :
Luke Gazdic (ONT) for Fighting (Major) at 0:05, Jeremy Welsh (UTI) for Fighting (Major) at 0:05, Luke Gazdic (ONT) for instigated a fight (Minor) at 0:05, Luke Gazdic (ONT) for instigated a fight (10 Minutes Misconduct) at 0:05, Joel Broda (UTI) for Holding (Minor) at 5:14, John Scott (UTI) for Tripping (Minor) at 12:01

3rd period

2. Reign , Evan Oberg 1 (William Karlsson, Teuvo Teravainen) at 9:18

Penalties :
Jason Jaffray (ONT) for Fighting (Major) at 0:18, Jeremy Welsh (UTI) for Fighting (Major) at 0:18, Jason Jaffray (ONT) for instigated a fight (Minor) at 0:18, Jason Jaffray (ONT) for instigated a fight (10 Minutes Misconduct) at 0:18, Mat Clark (UTI) for Hooking (Minor) at 11:23

Overtime #1

No Goal

Penalties :
No Penalty

Shootout

Penalty Shot by John Scott for Comets - Stopped by Troy Grosenick
Penalty Shot by Tom Kostopoulos for Reign - Shot Misses the Net
Penalty Shot by Mike Sislo for Comets - Shot Misses the Net
Penalty Shot by William Karlsson for Reign - Stopped by Mike Condon
Penalty Shot by Sven Baertschi for Comets - Stopped by Troy Grosenick
Penalty Shot by Jordan Schroeder for Reign - Stopped by Mike Condon
Penalty Shot by Jeremy Welsh for Comets - Stopped by Troy Grosenick
Penalty Shot by Teuvo Teravainen for Reign - Shot Misses the Net
Penalty Shot by Ben Hanowski for Comets - Stopped by Troy Grosenick
Penalty Shot by Luke Gazdic for Reign - Stopped by Mike Condon
Penalty Shot by Landon Ferraro for Comets - Shot Misses the Net
Penalty Shot by Brenden Morrow for Reign - Stopped by Mike Condon
Penalty Shot by Nicklas Jensen for Comets - Goal!
Penalty Shot by Byron Froese for Reign - Stopped by Mike Condon

Penalties :
No Penalty

Goalie Stats

Mike Condon (UTI), 23 saves from 24 shots - (0.958), W, 4-3-2, 65:00 minutes
Troy Grosenick (ONT), 22 saves from 23 shots - (0.957), OTL, 4-2-3, 65:00 minutes

Players Stats for Comets

Player Name              G  A  P  +/- PIM S  H  SB GA TA FO     MP     PP MP  PK MP  
------------------------------------------------------------------------------------
Andrew Ference           0  0  0   0  0   2  3  1  4  3  0/0    27:14   4:56   4:18 
Ben Hanowski             0  0  0   0  0   1  0  0  2  1  1/1    17:18   3:30   1:08 
Brendan Gaunce           0  0  0   0  0   1  0  0  0  0  1/4    12:20   0:00   0:00 
Derek Meech              0  0  0  -1  0   1  3  1  0  1  0/0    17:26   2:39   0:00 
Jeremy Welsh             0  0  0  -1  10  1  2  1  1  1  3/6    12:35   1:49   0:41 
Joel Broda               0  0  0   0  2   0  1  0  3  0  5/7    12:41   0:00   0:04 
John Scott               0  1  1  -1  2   0  1  0  2  1  1/2    18:30   4:05   0:34 
Kent Huskins             0  0  0  -1  0   1  1  1  2  0  0/0    21:50   2:39   1:39 
Landon Ferraro           0  0  0   0  0   1  3  1  2  1  3/10   15:32   3:30   0:01 
Logan Shaw               0  0  0   0  0   2  1  0  1  1  0/0    14:50   0:00   2:37 
Mark Pysyk               0  0  0   0  0   2  3  1  0  1  0/0    27:14   4:56   4:18 
Mat Clark                0  0  0   0  2   0  1  3  0  2  0/0    17:01   0:00   1:05 
Mike Sislo               1  0  1  -1  0   3  0  1  2  0  1/5    21:42   4:05   4:09 
Mike Zalewski            0  0  0   0  0   0  2  0  1  0  0/0    10:59   0:00   0:00 
Nicklas Jensen           0  0  0   0  0   1  1  0  5  0  2/3    16:19   2:01   0:00 
Scott Glennie            0  0  0   0  0   1  2  0  1  1  0/0    14:01   0:15   0:00 
Sven Baertschi           0  0  0   0  0   5  0  0  3  1  0/0    20:30   3:30   3:14 
Yann Sauve               0  0  0   0  0   1  3  0  0  0  0/0    15:56   0:00   0:00 

Players Stats for Reign

Player Name              G  A  P  +/- PIM S  H  SB GA TA FO     MP     PP MP  PK MP  
------------------------------------------------------------------------------------
Brenden Morrow           0  0  0   0  0   3  4  2  3  0  1/6    18:43   1:53   0:23 
Brett Olson              0  0  0   1  0   2  1  0  4  3  2/8    20:33   0:00   1:37 
Brian McGrattan          0  0  0   0  0   0  0  0  0  0  0/0    11:37   2:28   0:00 
Byron Froese             0  0  0   0  0   1  0  0  0  0  1/1     2:48   0:28   0:00 
C.J. Stretch             0  0  0   0  0   0  0  0  0  0  4/4    12:50   2:33   1:06 
Davis Drewiske           0  0  0   0  2   0  2  1  0  5  0/0    23:05   2:47   1:42 
Derek Forbort            0  0  0   0  0   2  2  1  0  0  0/0    21:13   2:47   2:08 
Evan Oberg               1  0  1   1  2   2  1  3  0  1  0/0    17:38   0:00   0:26 
Jason Jaffray            0  0  0   0  17  1  3  0  1  1  0/0    12:42   1:53   0:00 
Joe Morrow               0  0  0   0  0   5  1  2  0  3  0/0    26:48   3:10   5:27 
Jordan Hill              0  0  0   0  0   0  0  0  0  0  0/0     1:48   0:00   0:00 
Jordan Schroeder         0  0  0   0  0   1  1  0  7  0  1/2    21:04   1:30   1:37 
Luke Gazdic              0  0  0   0  17  1  1  0  2  0  3/5    17:50   1:08   3:27 
Nathan Paetsch           0  0  0   0  0   1  2  1  0  2  0/0    26:48   3:10   5:27 
Taylor Doherty           0  0  0   1  0   2  1  4  1  0  0/0    17:35   0:00   0:00 
Teuvo Teravainen         0  1  1   1  0   1  0  2  2  0  1/2    18:43   2:20   1:37 
Tom Kostopoulos          0  0  0   0  0   0  1  1  0  1  1/1    18:53   1:41   0:00 
William Karlsson         0  1  1   1  0   2  4  0  0  1  7/9    21:43   1:57   5:23 

3 Stars

1 - Mike Condon (UTI)
2 - Troy Grosenick (ONT)
3 - William Karlsson (ONT)

Power Play

Comets - 1 on 4 Attempt(s) - 25.00%
Reign - 0 on 3 Attempt(s) - 0.00%

Penalty Kill

Comets - 3 on 3 Attempt(s) - 100.00% - Score 0 goal in Penalty Kill
Reign - 3 on 4 Attempt(s) - 75.00% - Score 0 goal in Penalty Kill

Team Stat

Comets - Hits : 27 - Faceoff Wins : 17 - Blocked Shots : 10 - Penalty Minutes : 16
Reign - Hits : 24 - Faceoff Wins : 21 - Blocked Shots : 17 - Penalty Minutes : 38

Official

Referees : Unknown
Linesman : Unknown

Game Notes

Luke Gazdic and Jeremy Welsh fight to a draw at 0:05 of 2nd period
Jason Jaffray beats up Jeremy Welsh at 0:18 of 3rd period

Finance

Level 1 -- Attendance: 1517 (75.85%) -- Ticket Income $45,510
Level 2 -- Attendance: 742 (74.20%) -- Ticket Income $8,904
Total Attendance: 2259 (75.30%)
Total Ticket Income: $54,414
Other Income: $26,663
Total Income: $81,077

Comets

5 vs 5 Forward 
   Center                   Left Wing                Right Wing               Time % Phy DF OF 
 1 Jeremy Welsh             John Scott               Mike Sislo               35     1   2  2  
 2 Landon Ferraro           Sven Baertschi           Ben Hanowski             30     1   2  2  
 3 Brendan Gaunce           Nicklas Jensen           Scott Glennie            22     1   2  2  
 4 Joel Broda               Mike Zalewski            Logan Shaw               13     1   2  2  

5 vs 5 Defense 
   Defense                  Defense                                           Time % Phy DF OF 
 1 Andrew Ference           Mark Pysyk                                        35     1   2  2  
 2 Kent Huskins             Derek Meech                                       30     1   2  2  
 3 Yann Sauve               Mat Clark                                         22     1   2  2  
 4 Andrew Ference           Mark Pysyk                                        13     1   2  2  

PowerPlay Forward 
   Center                   Left Wing                Right Wing               Time % Phy DF OF 
 1 Jeremy Welsh             John Scott               Mike Sislo               60     1   2  2  
 2 Landon Ferraro           Sven Baertschi           Ben Hanowski             40     1   2  2  

PowerPlay Defense
   Defense                  Defense                                           Time % Phy DF OF 
 1 Andrew Ference           Mark Pysyk                                        60     1   2  2  
 2 Kent Huskins             Derek Meech                                       40     1   2  2  

Penalty Kill 4 Players Forward 
   Center                   Wing                     Time % Phy DF OF 
 1 Mike Sislo               Sven Baertschi           60     1   2  2  
 2 Jeremy Welsh             Ben Hanowski             40     1   2  2  

Penalty Kill 4 Players Defense
   Defense                  Defense                  Time % Phy DF OF 
 1 Andrew Ference           Mark Pysyk               60     1   2  2  
 2 John Scott               Kent Huskins             40     1   2  2  

Penalty Kill - 3 Players Forward 
   Forward                                           Time % Phy DF OF 
 1 Mike Sislo                                        60     1   2  2  
 2 Sven Baertschi                                    40     1   2  2  

Penalty Kill - 3 Players Defense
   Defense                  Defense                  Time % Phy DF OF 
 1 Andrew Ference           Mark Pysyk               60     1   2  2  
 2 John Scott               Kent Huskins             40     1   2  2  

4 vs 4 Forward 
   Center                   Wing                     Time % Phy DF OF 
 1 Mike Sislo               Sven Baertschi           60     1   2  2  
 2 Jeremy Welsh             Ben Hanowski             40     1   2  2  

4 vs 4 Defense
   Defense                  Defense                  Time % Phy DF OF 
 1 Andrew Ference           Mark Pysyk               60     1   2  2  
 2 John Scott               Kent Huskins             40     1   2  2  

Last Minutes Offensive
   Center                   Left Wing                Right Wing               Defense                  Defense                  
   Jeremy Welsh             John Scott               Mike Sislo               Andrew Ference           Mark Pysyk               

Last Minutes Defensive
   Center                   Left Wing                Right Wing               Defense                  Defense                  
   Jeremy Welsh             John Scott               Mike Sislo               Andrew Ference           Mark Pysyk               

Goaltenders
Starting : Mike Condon              
Backup : Scott Wedgewood          

Extra Forwards
Normal : Nicklas Jensen, Scott Glennie, Logan Shaw - PP : Nicklas Jensen, Scott Glennie - PK : Logan Shaw
Extra Defensemen
Normal : Yann Sauve, Mat Clark, Derek Meech - PP : Yann Sauve - PK : Mat Clark, Derek Meech
Penalty Shots
John Scott, Mike Sislo, Sven Baertschi, Jeremy Welsh, Ben Hanowski

Reign

5 vs 5 Forward 
   Center                   Left Wing                Right Wing               Time % Phy DF OF 
 1 Brenden Morrow           Luke Gazdic              Jordan Schroeder         35     1   2  2  
 2 William Karlsson         Jason Jaffray            Teuvo Teravainen         30     1   2  2  
 3 Brett Olson              Jordan Schroeder         Tom Kostopoulos          22     1   2  2  
 4 Teuvo Teravainen         William Karlsson         Luke Gazdic              13     1   2  2  

5 vs 5 Defense 
   Defense                  Defense                                           Time % Phy DF OF 
 1 Joe Morrow               Nathan Paetsch                                    35     1   2  2  
 2 Derek Forbort            Davis Drewiske                                    30     1   2  2  
 3 Taylor Doherty           Evan Oberg                                        22     1   2  2  
 4 Nathan Paetsch           Joe Morrow                                        13     1   2  2  

PowerPlay Forward 
   Center                   Left Wing                Right Wing               Time % Phy DF OF 
 1 Brenden Morrow           Luke Gazdic              Jordan Schroeder         60     1   2  2  
 2 William Karlsson         Jason Jaffray            Teuvo Teravainen         40     1   2  2  

PowerPlay Defense
   Defense                  Defense                                           Time % Phy DF OF 
 1 Joe Morrow               Nathan Paetsch                                    60     1   2  2  
 2 Derek Forbort            Davis Drewiske                                    40     1   2  2  

Penalty Kill 4 Players Forward 
   Center                   Wing                     Time % Phy DF OF 
 1 Luke Gazdic              William Karlsson         60     1   2  2  
 2 Jordan Schroeder         Teuvo Teravainen         40     1   2  2  

Penalty Kill 4 Players Defense
   Defense                  Defense                  Time % Phy DF OF 
 1 Joe Morrow               Nathan Paetsch           60     1   2  2  
 2 Derek Forbort            Davis Drewiske           40     1   2  2  

Penalty Kill - 3 Players Forward 
   Forward                                           Time % Phy DF OF 
 1 Jordan Schroeder                                  60     1   2  2  
 2 William Karlsson                                  40     1   2  2  

Penalty Kill - 3 Players Defense
   Defense                  Defense                  Time % Phy DF OF 
 1 Joe Morrow               Nathan Paetsch           60     1   2  2  
 2 Derek Forbort            Davis Drewiske           40     1   2  2  

4 vs 4 Forward 
   Center                   Wing                     Time % Phy DF OF 
 1 Luke Gazdic              William Karlsson         60     1   2  2  
 2 Jordan Schroeder         Teuvo Teravainen         40     1   2  2  

4 vs 4 Defense
   Defense                  Defense                  Time % Phy DF OF 
 1 Joe Morrow               Nathan Paetsch           60     1   2  2  
 2 Derek Forbort            Davis Drewiske           40     1   2  2  

Last Minutes Offensive
   Center                   Left Wing                Right Wing               Defense                  Defense                  
   Brenden Morrow           Luke Gazdic              Jordan Schroeder         Joe Morrow               Nathan Paetsch           

Last Minutes Defensive
   Center                   Left Wing                Right Wing               Defense                  Defense                  
   Brenden Morrow           Luke Gazdic              Jordan Schroeder         Joe Morrow               Nathan Paetsch           

Goaltenders
Starting : Troy Grosenick           
Backup : Anthony Peters           

Extra Forwards
Normal : Jordan Schroeder, Tom Kostopoulos, Brett Olson - PP : William Karlsson, Tom Kostopoulos - PK : Brett Olson
Extra Defensemen
Normal : Taylor Doherty, Evan Oberg, Nathan Paetsch - PP : Taylor Doherty - PK : Evan Oberg, Joe Morrow
Penalty Shots
Tom Kostopoulos, William Karlsson, Jordan Schroeder, Teuvo Teravainen, Luke Gazdic

% Time on Ice - Comets

Lines # - Real PCT - Wanted PCT - Time Play
Normal Forward
1 - 25% - 35% - 11:45
2 - 25% - 30% - 11:24
3 - 27% - 22% - 12:20
4 - 24% - 13% - 10:59
Normal Defense
1 - 31% - 35% - 14:11
2 - 33% - 30% - 15:24
3 - 34% - 22% - 15:56
4 - 2% - 13% - 0:57
PP Forward
1 - 54% - 60% - 4:05
2 - 46% - 40% - 3:30
PP Defense
1 - 65% - 60% - 4:56
2 - 35% - 40% - 2:39
PK Forward
1 - 89% - 60% - 5:16
2 - 11% - 40% - 0:41
PK Defense
1 - 72% - 60% - 4:18
2 - 28% - 40% - 1:39
PK3 Forward
1 - 0% - 60%
2 - 0% - 40%
PK3 Defense
1 - 0% - 60%
2 - 0% - 40%
44 Forward
1 - 87% - 60% - 4:21
2 - 13% - 40% - 0:39
44 Defense
1 - 57% - 60% - 2:52
2 - 43% - 40% - 2:08
Last Minute Offensive  - 0:00
Last Minute Defensive  - 0:00
Total
Forward - 65:00
Defense - 65:00

% Time on Ice - Reign

Lines # - Real PCT - Wanted PCT - Time Play
Normal Forward
1 - 31% - 35% - 14:13
2 - 33% - 30% - 15:32
3 - 26% - 22% - 12:08
4 - 10% - 13% - 4:35
Normal Defense
1 - 31% - 35% - 14:36
2 - 30% - 30% - 14:04
3 - 37% - 22% - 16:59
4 - 2% - 13% - 0:49
PP Forward
1 - 64% - 60% - 3:49
2 - 36% - 40% - 2:08
PP Defense
1 - 53% - 60% - 3:10
2 - 47% - 40% - 2:47
PK Forward
1 - 79% - 60% - 5:58
2 - 21% - 40% - 1:37
PK Defense
1 - 72% - 60% - 5:27
2 - 28% - 40% - 2:08
PK3 Forward
1 - 0% - 60%
2 - 0% - 40%
PK3 Defense
1 - 0% - 60%
2 - 0% - 40%
44 Forward
1 - 100% - 60% - 5:00
2 - 0% - 40% - 0:00
44 Defense
1 - 55% - 60% - 2:46
2 - 45% - 40% - 2:14
Last Minute Offensive  - 0:00
Last Minute Defensive  - 0:00
Total
Forward - 65:00
Defense - 65:00

Play by Play

1st period


0:01 of 1st period - Luke Gazdic wins face-off versus Jeremy Welsh in neutral zone.
0:29 of 1st period - Off-side.
0:30 of 1st period - William Karlsson wins face-off versus Landon Ferraro in neutral zone.
0:43 of 1st period - Slapshot by William Karlsson.
0:43 of 1st period - Deflect By Teuvo Teravainen.
0:43 of 1st period - Shot Misses the Net.
0:43 of 1st period - Puck is out of play.
0:44 of 1st period - William Karlsson wins face-off versus Landon Ferraro in Comets zone.
0:49 of 1st period - Snap shot by William Karlsson.
0:49 of 1st period - Deflect By Jason Jaffray.
0:49 of 1st period - Shot Blocked by Landon Ferraro.
0:49 of 1st period - Puck is out of play.
0:50 of 1st period - Landon Ferraro wins face-off versus William Karlsson in Comets zone.
0:58 of 1st period - Off-side.
0:59 of 1st period - Brett Olson wins face-off versus Brendan Gaunce in neutral zone.
1:28 of 1st period - Slapshot by Brett Olson.
1:28 of 1st period - Stopped by Mike Condon with a rebound.
1:30 of 1st period - Wrist shot by Taylor Doherty.
1:30 of 1st period - Stopped by Mike Condon with a rebound.
1:32 of 1st period - Snap shot by Brett Olson.
1:32 of 1st period - Stopped by Mike Condon without a rebound.
1:33 of 1st period - Joel Broda wins face-off versus Teuvo Teravainen in Comets zone.
1:46 of 1st period - Mike Zalewski is hit by William Karlsson.
2:28 of 1st period - Jordan Schroeder is hit by John Scott and loses puck.
3:06 of 1st period - Icing by Davis Drewiske.
3:07 of 1st period - Landon Ferraro wins face-off versus Brenden Morrow in Reign zone.
3:40 of 1st period - Minor Penalty to Davis Drewiske for Holding.
3:41 of 1st period - Jeremy Welsh wins face-off versus Luke Gazdic in Reign zone.
4:18 of 1st period - Snap shot by Mike Sislo.
4:18 of 1st period - Stopped by Troy Grosenick without a rebound.
4:19 of 1st period - Jordan Schroeder wins face-off versus Landon Ferraro in Reign zone.
4:42 of 1st period - Wrist shot by Landon Ferraro.
4:42 of 1st period - Deflect By Sven Baertschi.
4:42 of 1st period - Stopped by Troy Grosenick with a rebound.
4:44 of 1st period - Slapshot by Derek Meech.
4:44 of 1st period - Deflect By Sven Baertschi.
4:44 of 1st period - Shot Misses the Net.
4:44 of 1st period - Puck is out of play.
4:45 of 1st period - Teuvo Teravainen wins face-off versus John Scott in Reign zone.
5:40 of 1st period - Penalty to Davis Drewiske is over, Davis Drewiske is back on ice.
6:00 of 1st period - Wrist shot by Nicklas Jensen.
6:00 of 1st period - Deflect By Brendan Gaunce.
6:00 of 1st period - Stopped by Troy Grosenick with a rebound.
6:02 of 1st period - Slapshot by Kent Huskins.
6:02 of 1st period - Stopped by Troy Grosenick without a rebound.
6:03 of 1st period - Joel Broda wins face-off versus Brett Olson in Reign zone.
6:31 of 1st period - Joel Broda is hit by Taylor Doherty and loses puck.
7:07 of 1st period - Andrew Ference is hit by Jordan Schroeder and loses puck.
8:09 of 1st period - Davis Drewiske is hit by Kent Huskins and loses puck.
8:26 of 1st period - William Karlsson is hit by Landon Ferraro and loses puck.
8:59 of 1st period - Tom Kostopoulos is hit by Derek Meech and loses puck.
9:13 of 1st period - Off-side.
9:14 of 1st period - Joel Broda wins face-off versus Brett Olson in neutral zone.
9:20 of 1st period - Logan Shaw is hit by Nathan Paetsch and loses puck.
10:34 of 1st period - Jeremy Welsh is hit by Brenden Morrow and loses puck.
11:00 of 1st period - Icing by Teuvo Teravainen.
11:01 of 1st period - William Karlsson wins face-off versus Landon Ferraro in Reign zone.
11:01 of 1st period - William Karlsson is hit by Andrew Ference.
11:15 of 1st period - Backhand shot by Jason Jaffray.
11:15 of 1st period - Stopped by Mike Condon with a rebound.
12:03 of 1st period - Snap shot by Nicklas Jensen.
12:03 of 1st period - Shot Misses the Net.
12:21 of 1st period - Wrist shot by Nicklas Jensen.
12:21 of 1st period - Deflect By Brendan Gaunce.
12:21 of 1st period - Shot Misses the Net.
12:21 of 1st period - Puck is out of play.
12:22 of 1st period - Jeremy Welsh wins face-off versus Brett Olson in Reign zone.
12:23 of 1st period - Snap shot by Mike Sislo.
12:23 of 1st period - Shot Blocked by Brenden Morrow.
12:25 of 1st period - Slapshot by Mat Clark.
12:25 of 1st period - Shot Blocked by Brenden Morrow.
12:29 of 1st period - Snap shot by Mike Sislo.
12:29 of 1st period - Shot Misses the Net.
12:31 of 1st period - Slapshot by Mat Clark.
12:31 of 1st period - Shot Blocked by Taylor Doherty.
12:45 of 1st period - Wrist shot by Jeremy Welsh.
12:45 of 1st period - Shot Blocked by Taylor Doherty.
12:47 of 1st period - Snap shot by John Scott.
12:47 of 1st period - Shot Misses the Net.
12:49 of 1st period - Wrist shot by Jeremy Welsh.
12:49 of 1st period - Deflect By Brenden Morrow.
12:49 of 1st period - Shot Misses the Net.
12:49 of 1st period - Puck is out of play.
12:50 of 1st period - Joel Broda wins face-off versus William Karlsson in Reign zone.
12:54 of 1st period - Minor Penalty to Evan Oberg for Holding.
12:55 of 1st period - Luke Gazdic wins face-off versus Jeremy Welsh in Reign zone.
13:45 of 1st period - Slapshot by Joe Morrow.
13:45 of 1st period - Shot Blocked by Andrew Ference.
13:47 of 1st period - Wrist shot by William Karlsson.
13:47 of 1st period - Shot Misses the Net.
13:49 of 1st period - Slapshot by Nathan Paetsch.
13:49 of 1st period - Deflect By William Karlsson.
13:49 of 1st period - Stopped by Mike Condon with a rebound.
13:51 of 1st period - Slapshot by Joe Morrow.
13:51 of 1st period - Stopped by Mike Condon without a rebound.
13:52 of 1st period - C.J. Stretch wins face-off versus Landon Ferraro in Comets zone.
14:23 of 1st period - Landon Ferraro is hit by Nathan Paetsch and loses puck.
14:54 of 1st period - Penalty to Evan Oberg is over, Evan Oberg is back on ice.
16:11 of 1st period - Taylor Doherty is hit by Yann Sauve and loses puck.
16:50 of 1st period - Derek Meech is hit by Joe Morrow.
16:54 of 1st period - Slapshot by Teuvo Teravainen.
16:54 of 1st period - Shot Misses the Net.
17:00 of 1st period - Teuvo Teravainen is hit by Derek Meech and loses puck.
17:30 of 1st period - Icing by Joe Morrow.
17:31 of 1st period - C.J. Stretch wins face-off versus Landon Ferraro in Reign zone.
17:53 of 1st period - Wrist shot by Sven Baertschi.
17:53 of 1st period - Stopped by Troy Grosenick with a rebound.
18:42 of 1st period - Wrist shot by John Scott.
18:42 of 1st period - Shot Misses the Net.
18:48 of 1st period - Snap shot by Luke Gazdic.
18:48 of 1st period - Shot Blocked by Mike Sislo.
18:50 of 1st period - Backhand shot by Evan Oberg.
18:50 of 1st period - Deflect By Mike Sislo.
18:50 of 1st period - Stopped by Mike Condon with a rebound.
Goals for this period are 0 for Comets vs 0 for Reign.
Shots for this period are 5 for Comets vs 7 for Reign.

2nd period


0:01 of 2nd period - Jeremy Welsh wins face-off versus Brenden Morrow in neutral zone.
0:05 of 2nd period - Luke Gazdic and Jeremy Welsh fight to a draw.
0:05 of 2nd period - Penalty to Luke Gazdic for Fighting.
0:05 of 2nd period - Penalty to Jeremy Welsh for Fighting.
0:05 of 2nd period - Penalty to Luke Gazdic for instigated a fight.
0:05 of 2nd period - Penalty to Luke Gazdic for instigated a fight.
0:06 of 2nd period - John Scott wins face-off versus Brett Olson in Reign zone.
0:07 of 2nd period - Slapshot by Mike Sislo.
0:07 of 2nd period - Shot Blocked by Joe Morrow.
0:09 of 2nd period - Snap shot by Nicklas Jensen.
0:09 of 2nd period - Shot Misses the Net.
1:22 of 2nd period - Derek Forbort is hit by Landon Ferraro and loses puck.
1:39 of 2nd period - Snap shot by Mike Sislo.
1:39 of 2nd period - Shot Misses the Net.
1:41 of 2nd period - Wrist shot by Mike Sislo.
1:41 of 2nd period - Shot Misses the Net.
1:43 of 2nd period - Wrist shot by Mike Sislo.
1:43 of 2nd period - Goal by Mike Sislo - Comets : 1 - Reign : 0.
1:44 of 2nd period - Tom Kostopoulos wins face-off versus Joel Broda in neutral zone.
2:07 of 2nd period - Wrist shot by Joel Broda.
2:07 of 2nd period - Shot Blocked by Evan Oberg.
2:37 of 2nd period - Teuvo Teravainen is hit by Derek Meech and loses puck.
2:46 of 2nd period - Wrist shot by Sven Baertschi.
2:46 of 2nd period - Shot Blocked by Teuvo Teravainen.
3:24 of 2nd period - Slapshot by Mike Sislo.
3:24 of 2nd period - Shot Blocked by Evan Oberg.
3:26 of 2nd period - Slapshot by Yann Sauve.
3:26 of 2nd period - Deflect By William Karlsson.
3:26 of 2nd period - Stopped by Troy Grosenick with a rebound.
3:28 of 2nd period - Slapshot by Mark Pysyk.
3:28 of 2nd period - Shot Blocked by Taylor Doherty.
4:19 of 2nd period - Mark Pysyk is hit by Jason Jaffray and loses puck.
4:34 of 2nd period - Sven Baertschi is hit by Brenden Morrow and loses puck.
5:14 of 2nd period - Minor Penalty to Joel Broda for Holding.
5:15 of 2nd period - Mike Sislo wins face-off versus Brenden Morrow in Comets zone.
5:37 of 2nd period - Slapshot by Sven Baertschi.
5:37 of 2nd period - Stopped by Troy Grosenick with a rebound.
6:09 of 2nd period - Mike Sislo is hit by Jason Jaffray.
6:13 of 2nd period - Davis Drewiske is hit by Andrew Ference and loses puck.
6:30 of 2nd period - Slapshot by Joe Morrow.
6:30 of 2nd period - Stopped by Mike Condon with a rebound.
7:09 of 2nd period - Slapshot by Derek Forbort.
7:09 of 2nd period - Stopped by Mike Condon with a rebound.
7:14 of 2nd period - Penalty to Joel Broda is over, Joel Broda is back on ice.
7:24 of 2nd period - Slapshot by John Scott.
7:24 of 2nd period - Shot Blocked by Derek Forbort.
7:30 of 2nd period - Ben Hanowski is hit by William Karlsson and loses puck.
8:11 of 2nd period - Wrist shot by Jordan Schroeder.
8:11 of 2nd period - Deflect By Brenden Morrow.
8:11 of 2nd period - Stopped by Mike Condon without a rebound.
8:12 of 2nd period - Brendan Gaunce wins face-off versus Brenden Morrow in Comets zone.
8:17 of 2nd period - Jordan Schroeder is hit by Mat Clark and loses puck.
8:46 of 2nd period - Mike Zalewski is hit by William Karlsson and loses puck.
9:11 of 2nd period - Logan Shaw is hit by Jason Jaffray and loses puck.
9:48 of 2nd period - Snap shot by Mike Sislo.
9:48 of 2nd period - Deflect By Jeremy Welsh.
9:48 of 2nd period - Stopped by Troy Grosenick with a rebound.
9:50 of 2nd period - Slapshot by Derek Meech.
9:50 of 2nd period - Stopped by Troy Grosenick with a rebound.
10:06 of 2nd period - Snap shot by Landon Ferraro.
10:06 of 2nd period - Stopped by Troy Grosenick with a rebound.
10:08 of 2nd period - Slapshot by Derek Meech.
10:08 of 2nd period - Deflect By Landon Ferraro.
10:08 of 2nd period - Shot Blocked by Tom Kostopoulos.
10:08 of 2nd period - Puck is out of play.
10:09 of 2nd period - Brenden Morrow wins face-off versus Landon Ferraro in Reign zone.
11:16 of 2nd period - Wrist shot by Nicklas Jensen.
11:16 of 2nd period - Shot Misses the Net.
12:01 of 2nd period - Minor Penalty to John Scott for Tripping.
12:02 of 2nd period - C.J. Stretch wins face-off versus Mike Sislo in Comets zone.
12:21 of 2nd period - Wrist shot by Joe Morrow.
12:21 of 2nd period - Shot Misses the Net.
13:18 of 2nd period - Wrist shot by William Karlsson.
13:18 of 2nd period - Shot Misses the Net.
13:20 of 2nd period - Wrist shot by Derek Forbort.
13:20 of 2nd period - Stopped by Mike Condon with a rebound.
13:43 of 2nd period - Slapshot by Ben Hanowski.
13:43 of 2nd period - Shot Misses the Net.
14:01 of 2nd period - Penalty to John Scott is over, John Scott is back on ice.
14:30 of 2nd period - Snap shot by Brendan Gaunce.
14:30 of 2nd period - Shot Blocked by Taylor Doherty.
14:32 of 2nd period - Snap shot by Brendan Gaunce.
14:32 of 2nd period - Shot Misses the Net.
14:52 of 2nd period - Evan Oberg is hit by Nicklas Jensen and loses puck.
15:01 of 2nd period - Slapshot by Taylor Doherty.
15:01 of 2nd period - Stopped by Mike Condon with a rebound.
15:05 of 2nd period - 10 Minutes Misconduct Penalty to Luke Gazdic is over.
15:17 of 2nd period - Logan Shaw is hit by Davis Drewiske and loses puck.
16:38 of 2nd period - Nicklas Jensen is hit by Brett Olson and loses puck.
16:55 of 2nd period - Wrist shot by Brenden Morrow.
16:55 of 2nd period - Shot Misses the Net.
17:25 of 2nd period - Snap shot by Brenden Morrow.
17:25 of 2nd period - Deflect By Jordan Schroeder.
17:25 of 2nd period - Shot Blocked by Mat Clark.
17:25 of 2nd period - Puck is out of play.
17:26 of 2nd period - Joel Broda wins face-off versus Brenden Morrow in Comets zone.
17:48 of 2nd period - Jason Jaffray is hit by Yann Sauve and loses puck.
18:22 of 2nd period - Jason Jaffray is hit by Landon Ferraro and loses puck.
19:14 of 2nd period - Kent Huskins is hit by Derek Forbort and loses puck.
19:31 of 2nd period - Snap shot by Brett Olson.
19:31 of 2nd period - Deflect By Jason Jaffray.
19:31 of 2nd period - Shot Blocked by Derek Meech.
19:31 of 2nd period - Puck is out of play.
19:32 of 2nd period - Landon Ferraro wins face-off versus Brett Olson in Comets zone.
19:43 of 2nd period - Wrist shot by Ben Hanowski.
19:43 of 2nd period - Shot Misses the Net.
Goals for this period are 1 for Comets vs 0 for Reign.
Shots for this period are 6 for Comets vs 5 for Reign.

3rd period


0:01 of 3rd period - William Karlsson wins face-off versus Jeremy Welsh in neutral zone.
0:07 of 3rd period - Slapshot by Nathan Paetsch.
0:07 of 3rd period - Stopped by Mike Condon with a rebound.
0:09 of 3rd period - Backhand shot by Jason Jaffray.
0:09 of 3rd period - Shot Misses the Net.
0:11 of 3rd period - Snap shot by Joe Morrow.
0:11 of 3rd period - Shot Blocked by Jeremy Welsh.
0:13 of 3rd period - Slapshot by Joe Morrow.
0:13 of 3rd period - Deflect By Mike Sislo.
0:13 of 3rd period - Stopped by Mike Condon with a rebound.
0:18 of 3rd period - Jason Jaffray beats up Jeremy Welsh.
0:18 of 3rd period - Penalty to Jason Jaffray for Fighting.
0:18 of 3rd period - Penalty to Jeremy Welsh for Fighting.
0:18 of 3rd period - Penalty to Jason Jaffray for instigated a fight.
0:18 of 3rd period - Penalty to Jason Jaffray for instigated a fight.
0:19 of 3rd period - Nicklas Jensen wins face-off versus Luke Gazdic in neutral zone.
0:54 of 3rd period - Slapshot by Mike Sislo.
0:54 of 3rd period - Shot Misses the Net.
0:56 of 3rd period - Snap shot by John Scott.
0:56 of 3rd period - Shot Misses the Net.
1:19 of 3rd period - Landon Ferraro is hit by William Karlsson.
2:18 of 3rd period - Penalty to Jason Jaffray is over, Brett Olson is send on ice.
2:36 of 3rd period - Snap shot by Yann Sauve.
2:36 of 3rd period - Shot Blocked by Joe Morrow.
2:38 of 3rd period - Wrist shot by Mike Zalewski.
2:38 of 3rd period - Deflect By Joel Broda.
2:38 of 3rd period - Shot Blocked by Teuvo Teravainen.
2:38 of 3rd period - Puck is out of play.
2:39 of 3rd period - Brett Olson wins face-off versus Joel Broda in Reign zone.
3:02 of 3rd period - Yann Sauve is hit by Derek Forbort and loses puck.
4:11 of 3rd period - Teuvo Teravainen is hit by Scott Glennie and loses puck.
4:32 of 3rd period - Derek Forbort is hit by Mark Pysyk and loses puck.
4:39 of 3rd period - Wrist shot by Brendan Gaunce.
4:39 of 3rd period - Shot Misses the Net.
6:08 of 3rd period - Ben Hanowski is hit by Brenden Morrow and loses puck.
6:31 of 3rd period - Backhand shot by William Karlsson.
6:31 of 3rd period - Stopped by Mike Condon with a rebound.
6:58 of 3rd period - Wrist shot by Nicklas Jensen.
6:58 of 3rd period - Stopped by Troy Grosenick with a rebound.
7:00 of 3rd period - Snap shot by Nicklas Jensen.
7:00 of 3rd period - Shot Misses the Net.
7:02 of 3rd period - Slapshot by Mark Pysyk.
7:02 of 3rd period - Deflect By Jordan Schroeder.
7:02 of 3rd period - Stopped by Troy Grosenick with a rebound.
7:04 of 3rd period - Snap shot by Nicklas Jensen.
7:04 of 3rd period - Shot Blocked by Evan Oberg.
7:06 of 3rd period - Slapshot by Mark Pysyk.
7:06 of 3rd period - Stopped by Troy Grosenick without a rebound.
7:07 of 3rd period - C.J. Stretch wins face-off versus Nicklas Jensen in Reign zone.
7:07 of 3rd period - C.J. Stretch is hit by Andrew Ference.
7:34 of 3rd period - Brenden Morrow is hit by Mike Zalewski and loses puck.
7:46 of 3rd period - Joe Morrow is hit by Mark Pysyk and loses puck.
8:01 of 3rd period - Slapshot by Joe Morrow.
8:01 of 3rd period - Shot Misses the Net.
8:03 of 3rd period - Slapshot by Teuvo Teravainen.
8:03 of 3rd period - Shot Misses the Net.
8:05 of 3rd period - Wrist shot by William Karlsson.
8:05 of 3rd period - Shot Misses the Net.
8:25 of 3rd period - Slapshot by Derek Forbort.
8:25 of 3rd period - Shot Blocked by Mat Clark.
8:37 of 3rd period - Mike Sislo is hit by Davis Drewiske and loses puck.
9:16 of 3rd period - Snap shot by William Karlsson.
9:16 of 3rd period - Shot Misses the Net.
9:18 of 3rd period - Slapshot by Evan Oberg.
9:18 of 3rd period - Goal by Evan Oberg - Comets : 1 - Reign : 1.
9:19 of 3rd period - William Karlsson wins face-off versus Brendan Gaunce in neutral zone.
9:38 of 3rd period - Wrist shot by Teuvo Teravainen.
9:38 of 3rd period - Shot Hit the Post.
9:50 of 3rd period - Nicklas Jensen is hit by Tom Kostopoulos and loses puck.
10:19 of 3rd period - Backhand shot by Brenden Morrow.
10:19 of 3rd period - Stopped by Mike Condon with a rebound.
10:21 of 3rd period - Slapshot by Brenden Morrow.
10:21 of 3rd period - Stopped by Mike Condon with a rebound.
10:31 of 3rd period - Luke Gazdic is hit by Joel Broda and loses puck.
10:38 of 3rd period - Wrist shot by Logan Shaw.
10:38 of 3rd period - Shot Misses the Net.
10:59 of 3rd period - Landon Ferraro is hit by Evan Oberg and loses puck.
11:23 of 3rd period - Minor Penalty to Mat Clark for Hooking.
11:24 of 3rd period - William Karlsson wins face-off versus Mike Sislo in Comets zone.
11:27 of 3rd period - Slapshot by William Karlsson.
11:27 of 3rd period - Deflect By Teuvo Teravainen.
11:27 of 3rd period - Shot Misses the Net.
11:27 of 3rd period - Puck is out of play.
11:28 of 3rd period - William Karlsson wins face-off versus Mike Sislo in Comets zone.
11:37 of 3rd period - Wrist shot by Brenden Morrow.
11:37 of 3rd period - Shot Misses the Net.
11:39 of 3rd period - Snap shot by Joe Morrow.
11:39 of 3rd period - Shot Blocked by Mark Pysyk.
11:41 of 3rd period - Backhand shot by Joe Morrow.
11:41 of 3rd period - Stopped by Mike Condon with a rebound.
11:43 of 3rd period - Snap shot by Joe Morrow.
11:43 of 3rd period - Shot Misses the Net.
13:09 of 3rd period - Mark Pysyk is hit by Luke Gazdic and loses puck.
13:23 of 3rd period - Penalty to Mat Clark is over, Mat Clark is back on ice.
13:30 of 3rd period - Joe Morrow is hit by Scott Glennie and loses puck.
14:22 of 3rd period - Taylor Doherty is hit by Logan Shaw and loses puck.
15:18 of 3rd period - 10 Minutes Misconduct Penalty to Jason Jaffray is over.
15:32 of 3rd period - Wrist shot by Sven Baertschi.
15:32 of 3rd period - Stopped by Troy Grosenick with a rebound.
15:34 of 3rd period - Slapshot by Kent Huskins.
15:34 of 3rd period - Shot Misses the Net.
16:34 of 3rd period - Slapshot by Logan Shaw.
16:34 of 3rd period - Stopped by Troy Grosenick with a rebound.
16:36 of 3rd period - Wrist shot by Logan Shaw.
16:36 of 3rd period - Shot Misses the Net.
16:38 of 3rd period - Snap shot by Logan Shaw.
16:38 of 3rd period - Stopped by Troy Grosenick with a rebound.
16:40 of 3rd period - Slapshot by Logan Shaw.
16:40 of 3rd period - Shot Blocked by Davis Drewiske.
17:18 of 3rd period - Byron Froese is hit by Jeremy Welsh and loses puck.
17:27 of 3rd period - Snap shot by Teuvo Teravainen.
17:27 of 3rd period - Stopped by Mike Condon with a rebound.
17:29 of 3rd period - Slapshot by Joe Morrow.
17:29 of 3rd period - Shot Blocked by Mat Clark.
17:31 of 3rd period - Snap shot by Byron Froese.
17:31 of 3rd period - Stopped by Mike Condon without a rebound.
17:32 of 3rd period - Byron Froese wins face-off versus Brendan Gaunce in Comets zone.
17:51 of 3rd period - Derek Meech is hit by Brenden Morrow and loses puck.
18:14 of 3rd period - Wrist shot by Teuvo Teravainen.
18:14 of 3rd period - Shot Misses the Net.
18:34 of 3rd period - Brett Olson is hit by Mike Zalewski and loses puck.
18:58 of 3rd period - Derek Forbort is hit by Yann Sauve and loses puck.
19:46 of 3rd period - Slapshot by Ben Hanowski.
19:46 of 3rd period - Stopped by Troy Grosenick without a rebound.
19:47 of 3rd period - Ben Hanowski wins face-off versus Jordan Schroeder in Reign zone.
19:48 of 3rd period - Wrist shot by Sven Baertschi.
19:48 of 3rd period - Stopped by Troy Grosenick with a rebound.
Goals for this period are 0 for Comets vs 1 for Reign.
Shots for this period are 8 for Comets vs 9 for Reign.

Overtime #1


0:01 of 1st overtime period - Luke Gazdic wins face-off versus Mike Sislo in neutral zone.
0:25 of 1st overtime period - Snap shot by Sven Baertschi.
0:25 of 1st overtime period - Shot Blocked by Nathan Paetsch.
0:35 of 1st overtime period - Wrist shot by Joe Morrow.
0:35 of 1st overtime period - Deflect By Sven Baertschi.
0:35 of 1st overtime period - Stopped by Mike Condon with a rebound.
0:37 of 1st overtime period - Snap shot by Luke Gazdic.
0:37 of 1st overtime period - Stopped by Mike Condon with a rebound.
1:23 of 1st overtime period - Snap shot by Mike Sislo.
1:23 of 1st overtime period - Deflect By Tom Kostopoulos.
1:23 of 1st overtime period - Stopped by Troy Grosenick with a rebound.
1:48 of 1st overtime period - Davis Drewiske is hit by Mark Pysyk.
2:08 of 1st overtime period - Snap shot by Scott Glennie.
2:08 of 1st overtime period - Stopped by Troy Grosenick with a rebound.
2:10 of 1st overtime period - Slapshot by Andrew Ference.
2:10 of 1st overtime period - Shot Hit the Post.
2:12 of 1st overtime period - Snap shot by Scott Glennie.
2:12 of 1st overtime period - Shot Misses the Net.
3:33 of 1st overtime period - Snap shot by Ben Hanowski.
3:33 of 1st overtime period - Shot Misses the Net.
3:35 of 1st overtime period - Slapshot by Andrew Ference.
3:35 of 1st overtime period - Stopped by Troy Grosenick with a rebound.
3:37 of 1st overtime period - Slapshot by Andrew Ference.
3:37 of 1st overtime period - Stopped by Troy Grosenick with a rebound.
3:39 of 1st overtime period - Slapshot by Jeremy Welsh.
3:39 of 1st overtime period - Shot Misses the Net.
3:44 of 1st overtime period - Icing by Davis Drewiske.
3:45 of 1st overtime period - Nicklas Jensen wins face-off versus Brett Olson in Reign zone.
4:08 of 1st overtime period - Slapshot by Jordan Schroeder.
4:08 of 1st overtime period - Stopped by Mike Condon with a rebound.
4:18 of 1st overtime period - Snap shot by Jordan Schroeder.
4:18 of 1st overtime period - Shot Blocked by Kent Huskins.
4:54 of 1st overtime period - Davis Drewiske is hit by Jeremy Welsh and loses puck.
Goals for this period are 0 for Comets vs 0 for Reign.
Shots for this period are 4 for Comets vs 3 for Reign.

ShootOut


5:00 of 1st overtime period - Penalty Shot by John Scott for Comets.
5:00 of 1st overtime period - Deke by John Scott.
5:00 of 1st overtime period - Stopped by Troy Grosenick.
5:00 of 1st overtime period - Penalty Shot by Tom Kostopoulos for Reign.
5:00 of 1st overtime period - Wrist shot by Tom Kostopoulos.
5:00 of 1st overtime period - Shot Misses the Net.
5:00 of 1st overtime period - Penalty Shot by Mike Sislo for Comets.
5:00 of 1st overtime period - Backhand shot by Mike Sislo.
5:00 of 1st overtime period - Shot Misses the Net.
5:00 of 1st overtime period - Penalty Shot by William Karlsson for Reign.
5:00 of 1st overtime period - Deke by William Karlsson.
5:00 of 1st overtime period - Stopped by Mike Condon.
5:00 of 1st overtime period - Penalty Shot by Sven Baertschi for Comets.
5:00 of 1st overtime period - Snap shot by Sven Baertschi.
5:00 of 1st overtime period - Stopped by Troy Grosenick.
5:00 of 1st overtime period - Penalty Shot by Jordan Schroeder for Reign.
5:00 of 1st overtime period - Deke by Jordan Schroeder.
5:00 of 1st overtime period - Stopped by Mike Condon.
5:00 of 1st overtime period - Penalty Shot by Jeremy Welsh for Comets.
5:00 of 1st overtime period - Backhand shot by Jeremy Welsh.
5:00 of 1st overtime period - Stopped by Troy Grosenick.
5:00 of 1st overtime period - Penalty Shot by Teuvo Teravainen for Reign.
5:00 of 1st overtime period - Backhand shot by Teuvo Teravainen.
5:00 of 1st overtime period - Shot Misses the Net.
5:00 of 1st overtime period - Penalty Shot by Ben Hanowski for Comets.
5:00 of 1st overtime period - Backhand shot by Ben Hanowski.
5:00 of 1st overtime period - Stopped by Troy Grosenick.
5:00 of 1st overtime period - Penalty Shot by Luke Gazdic for Reign.
5:00 of 1st overtime period - Snap shot by Luke Gazdic.
5:00 of 1st overtime period - Stopped by Mike Condon.
5:00 of 1st overtime period - Penalty Shot by Landon Ferraro for Comets.
5:00 of 1st overtime period - Deke by Landon Ferraro.
5:00 of 1st overtime period - Shot Misses the Net.
5:00 of 1st overtime period - Penalty Shot by Brenden Morrow for Reign.
5:00 of 1st overtime period - Wrist shot by Brenden Morrow.
5:00 of 1st overtime period - Stopped by Mike Condon.
5:00 of 1st overtime period - Penalty Shot by Nicklas Jensen for Comets.
5:00 of 1st overtime period - Snap shot by Nicklas Jensen.
5:00 of 1st overtime period - Goal by Nicklas Jensen.
5:00 of 1st overtime period - Penalty Shot by Byron Froese for Reign.
5:00 of 1st overtime period - Wrist shot by Byron Froese.
5:00 of 1st overtime period - Stopped by Mike Condon.